Map: Pillars of Gold LE

Players

AgoElazer (Elazer)

  • Race: Zerg Zerg
  • Spawn Location: 7:00

cure - Winner!

  • Race: Terran Terran
  • Spawn Location: 1:00

Event: War Chest Team League

VOD

Have the link to the VOD?

Description

Time

  • Played on: Aug. 9, 2020, 5:34 a.m.
  • Length: 16:52
Show
View Real Time Build Order
Export as new Build Order

AgoElazer Zerg 

Build Orders: Hatch First, Muta Ling Bane 

Get SALT Encoding   

  12  0:00  Drone  
  13  0:12  Overlord  
  13  0:18  Drone  
  14  0:31  Drone x2  
  16  0:50  Hatchery  
  16  0:53  Drone  
  16  0:57  Drone  
  17  1:00  Drone  
  18  1:10  Extractor  
  17  1:15  Spawning Pool  
  16  1:19  Drone  
  16  1:22  Drone  
  18  1:29  Drone  
  20  1:40  Drone  
  20  1:52  Drone  
  21  2:03  Zergling x2, Queen x2  
  21  2:04  Overlord  
  26  2:13  Zergling x2, Metabolic Boost  
  26  2:15  Drone  
  28  2:24  Drone x2  
  30  2:30  Extractor  
  29  2:37  Drone x2  
  29  2:42  Queen  
  33  2:45  Queen  
  33  2:48  Overlord  
  35  2:53  Overlord  
  35  3:08  Drone  
  35  3:09  Drone x3  
  39  3:14  Drone x3  
  39  3:15  Drone  
  39  3:18  Drone x3  
  46  3:22  Drone  
  47  3:30  Drone  
  47  3:31  Drone  
  49  3:37  Hatchery  
  48  3:42  Lair  
  48  3:48  Drone x2  
  48  3:49  Baneling Nest  
  48  3:50  Extractor  
  48  3:52  Drone x2  
  48  3:54  Drone  
  51  3:59  Overlord  
  51  4:02  Extractor  
  50  4:03  Extractor  
  50  4:04  Drone x2  
  51  4:12  Overlord  
  51  4:18  Drone x4  
  51  4:19  Drone  
  51  4:22  Drone  
  57  4:26  Drone x2  
  57  4:27  Drone  
  60  4:32  Drone  
  60  4:38  Drone  
  62  4:40  Spire  
  62  4:41  Overseer, Drone  
  62  4:44  Drone x3  
  65  4:47  Centrifical Hooks  
  65  4:48  Drone  
  65  4:51  Drone  
  67  4:55  Overlord  
  67  4:57  Drone x3  
  70  5:00  Extractor  
  70  5:01  Extractor  
  70  5:03  Overlord  
  70  5:07  Drone x2  
  70  5:12  Zergling x8  
  74  5:16  Zergling x2  
  74  5:18  Baneling x2  
  74  5:21  Overlord  
  75  5:23  Zergling x4  
  75  5:26  Zergling x6  
  80  5:31  Zergling x8  
  84  5:36  Overlord  
  84  5:47  Overlord  
  84  5:54  Mutalisk x6  
  96  5:59  Mutalisk  
  96  6:03  Baneling x5  
  97  6:04  Overlord  
  97  6:13  Zergling x14  
  97  6:16  Drone x2  
  106  6:20  Overlord, Zerg Flyer Weapons Level 1  
  106  6:21  Evolution Chamber x2, Drone x2  
  106  6:25  Baneling  
  106  6:26  Baneling x4  
  106  6:28  Drone  
  106  6:29  Drone  
  108  6:33  Zergling x8  
  108  6:39  Hatchery  
  111  6:44  Drone x3  
  114  6:58  Pneumatized Carapace  
  114  6:59  Zerg Melee Weapons Level 1, Zerg Ground Armor Level 1  
  114  7:00  Mutalisk x4  
  122  7:02  Overlord  
  122  7:14  Overlord x2  
  122  7:20  Baneling x3  
  122  7:21  Baneling  
  122  7:24  Mutalisk x4  
  130  7:36  Drone x11  
  141  7:40  Baneling x9  
  141  7:45  Zergling x6  
  141  7:50  Baneling x7  
  143  7:52  Zergling x14  
  150  8:03  Zergling x4  
  140  8:14  Zergling x14  
  140  8:15  Zergling x4  
  140  8:19  Overlord  
  145  8:22  Overlord  
  145  8:23  Baneling x7  
  145  8:30  Zerg Flyer Weapons Level 2  
  145  8:32  Mutalisk x3  
  148  8:34  Zergling x8  
  148  8:38  Extractor  
  148  8:39  Zergling x6  
  153  8:45  Hatchery  
  151  8:55  Zergling x22  
  148  8:57  Baneling x2  
  148  8:58  Baneling x5  
  148  9:01  Zergling x4  
  150  9:06  Zergling x6  
  152  9:11  Zergling x2  
  152  9:18  Zergling x6  
  147  9:24  Zergling x14  
  147  9:25  Hatchery  
  147  9:30  Mutalisk x2  
  148  9:33  Queen  
  148  9:34  Mutalisk x2  
  149  9:41  Baneling x11  
  149  9:42  Mutalisk x3  
  150  9:46  Zergling x6  
  148  9:54  Zergling x16  
  148  9:58  Zergling x4  
  157  10:02  Zergling x4  
  157  10:03  Zergling x2, Queen  
  145  10:15  Zergling x10  
  145  10:19  Mutalisk x6  
  157  10:25  Zergling x8  
  161  10:30  Zergling x4  
  161  10:32  Zerg Ground Armor Level 2  
  163  10:38  Overlord  
  163  10:39  Zerg Melee Weapons Level 2  
  162  10:44  Hatchery  
  162  10:47  Zergling x24  
  170  10:53  Zergling x2  
  170  10:54  Zergling x2  
  170  10:56  Overlord  
  172  10:59  Baneling x12  
  172  11:00  Baneling  
  156  11:05  Zergling x28  
  168  11:16  Mutalisk x2  
  168  11:17  Mutalisk  
  167  11:20  Drone x8  
  167  11:21  Extractor  
  167  11:22  Extractor  
  161  11:25  Mutalisk  
  161  11:27  Zergling x8  
  164  11:33  Overlord x3  
  164  11:41  Overlord x2  
  148  11:58  Zergling x24  
  148  12:06  Baneling x9  
  147  12:11  Zergling x8  
  151  12:16  Zergling x4  
  152  12:23  Zergling x4  
  120  12:31  Mutalisk x4  
  120  12:36  Mutalisk x2  
  124  12:41  Zergling x22  
  135  12:49  Zergling x4  
  135  12:50  Baneling x7  
  135  12:51  Baneling x9  
  137  12:53  Zergling x10  
  137  12:58  Zergling x4  
  142  13:05  Zergling x6, Hatchery  
  144  13:10  Zergling x4  
  140  13:15  Zergling x20  
  148  13:26  Zergling x8  
  145  13:27  Baneling x10  
  145  13:33  Zergling x2  
  145  13:34  Zergling x4  
  148  13:44  Mutalisk  
  148  13:45  Mutalisk x2  
  148  13:47  Overlord x4  
  151  13:52  Hatchery  
  150  13:59  Mutalisk  
  142  14:07  Mutalisk x4  
  142  14:08  Zergling x2  
  142  14:09  Zergling x12  
  151  14:15  Extractor  
  150  14:23  Zergling x2  
  150  14:24  Zergling x10  
  130  14:31  Zergling x6  
  130  14:33  Baneling x4  
  130  14:35  Baneling x4  
  130  14:37  Zergling x2  
  132  14:39  Zergling x14  
  139  14:50  Hatchery  
  139  14:52  Zergling x8  
  128  14:56  Baneling x4  
  128  14:58  Zergling x2  
  123  15:01  Zergling x2, Baneling x4  
  123  15:02  Zergling x2  
  117  15:09  Zergling x4  
  117  15:12  Baneling x4  
  113  15:17  Zergling x4  
  110  15:21  Baneling x4  
  110  15:25  Zergling x4  
  107  15:29  Zergling x4  
  107  15:33  Burrow  
  108  15:36  Zergling x2  
  105  15:51  Zergling x8  
  105  15:52  Zergling x2  
  99  15:57  Zergling x2  
  99  16:02  Baneling x13  
  100  16:11  Hatchery  
  98  16:15  Baneling x5  
Show
View Real Time Build Order
Export as new Build Order

cure Terran - Winner!

Build Orders: Reaper Expand 

Get SALT Encoding   

  12  0:00  SCV  
  13  0:12  SCV  
  14  0:17  Supply Depot  
  14  0:24  SCV  
  15  0:39  SCV  
  15  0:41  Barracks  
  16  0:44  Refinery  
  16  0:51  SCV  
  17  1:03  SCV  
  18  1:15  SCV  
  19  1:28  Reaper, Orbital Command  
  20  1:41  Command Center  
  20  1:52  Supply Depot  
  20  1:54  SCV  
  20  2:00  Marine  
  22  2:06  SCV  
  23  2:15  Factory  
  23  2:18  SCV  
  23  2:22  Barracks Reactor  
  24  2:30  SCV  
  25  2:43  SCV  
  26  2:46  Command Center  
  26  2:54  Orbital Command  
  26  2:55  SCV  
  27  3:04  Barracks  
  27  3:08  SCV  
  28  3:13  Refinery  
  28  3:14  Marine  
  29  3:20  SCV x2  
  29  3:26  Hellion x2  
  35  3:33  SCV x2  
  37  3:41  Barracks Tech Lab  
  37  3:45  SCV x2  
  38  3:54  Starport  
  38  3:57  SCV x2  
  38  3:58  Orbital Command  
  38  4:00  Stimpack  
  38  4:01  Factory Reactor  
  38  4:02  Marine x3  
  43  4:09  SCV x2, Refinery  
  45  4:15  Supply Depot  
  45  4:20  Marine x3  
  45  4:21  SCV x2  
  45  4:22  Orbital Command  
  50  4:30  Barracks  
  50  4:31  Refinery  
  50  4:33  SCV x2  
  50  4:38  Marine x3  
  55  4:40  Medivac x2  
  55  4:44  Supply Depot  
  59  4:46  SCV x2  
  59  4:48  SCV  
  62  4:53  Supply Depot  
  62  4:55  Marine  
  62  4:56  Marine  
  62  4:58  Engineering Bay  
  64  5:00  Engineering Bay  
  64  5:01  SCV  
  64  5:02  SCV  
  64  5:03  SCV  
  67  5:08  Supply Depot, Factory Tech Lab  
  67  5:09  Marine  
  68  5:15  SCV x2  
  68  5:16  Supply Depot  
  68  5:17  Barracks Reactor  
  68  5:19  Marine  
  68  5:20  Marine  
  72  5:27  Marine  
  72  5:28  Terran Infantry Weapons Level 1, Terran Infantry Armor Level 1  
  73  5:32  Missile Turret  
  73  5:33  Missile Turret  
  73  5:35  Missile Turret  
  73  5:38  SCV x3  
  76  5:45  Marine x3  
  76  5:49  Siege Tank  
  82  5:52  Combat Shield  
  82  5:56  SCV x3  
  85  6:02  Supply Depot  
  85  6:03  Marine x4  
  89  6:08  SCV x3  
  92  6:11  Marine  
  93  6:20  Supply Depot  
  93  6:21  Marine x4, Siege Tank  
  93  6:24  Medivac x2  
  104  6:28  Supply Depot  
  104  6:29  SCV x3  
  104  6:31  Marine  
  108  6:39  Marine  
  109  6:41  Barracks  
  109  6:42  Marine x2  
  109  6:43  Supply Depot, Barracks  
  110  6:50  SCV x2  
  110  6:51  SCV  
  110  6:53  Siege Tank  
  114  6:56  Marine x3  
  114  6:59  Marine x2  
  119  7:02  SCV  
  119  7:03  SCV x2  
  119  7:04  Supply Depot  
  121  7:14  SCV, Marine x3  
  121  7:15  SCV x2  
  124  7:17  Marine x2  
  124  7:25  Refinery  
  124  7:29  Armory, SCV x3  
  127  7:33  Supply Depot  
  127  7:34  Supply Depot  
  127  7:35  Marine x4  
  131  7:44  Barracks Reactor  
  131  7:48  Barracks Reactor  
  131  7:50  Supply Depot  
  131  7:52  Supply Depot  
  131  7:55  Siege Tank  
  134  8:04  Marine x5  
  134  8:05  Medivac x2  
  143  8:11  Barracks  
  143  8:12  Barracks  
  125  8:15  SCV  
  125  8:18  Barracks  
  125  8:19  SCV  
  128  8:20  SCV, Marine x2  
  128  8:22  Marine x4  
  128  8:24  Terran Infantry Weapons Level 2  
  128  8:25  Terran Infantry Armor Level 2  
  134  8:31  Terran Vehicle And Ship Armor Level 1  
  134  8:32  Marine x3  
  132  8:38  Marine, Sensor Tower  
  132  8:39  Siege Tank  
  136  8:42  Medivac x2  
  140  8:49  Marine x6  
  129  8:57  Marine x3  
  129  9:00  Barracks Reactor x2  
  132  9:07  Marine x3  
  132  9:09  Marine x3  
  139  9:12  Barracks Reactor  
  139  9:13  Supply Depot  
  139  9:14  Supply Depot, Marine x2  
  139  9:15  Marine  
  135  9:25  Marine x3  
  135  9:26  Marine x3  
  133  9:32  Marine x3  
  133  9:37  Marine x2  
  133  9:38  Marine x2, Siege Tank  
  138  9:40  Medivac x2  
  138  9:42  Marine x2  
  138  9:43  Marine  
  138  9:44  Marine x3  
  149  9:50  Marine x2  
  149  9:54  Supply Depot x2  
  149  10:06  Supply Depot x2  
  149  10:09  Marine x3  
  149  10:13  Marine x3  
  149  10:15  Marine x5  
  149  10:20  Marine x4  
  158  10:24  Siege Tank  
  158  10:27  Marine x3  
  163  10:31  Medivac  
  165  10:37  Supply Depot  
  165  10:39  Marine x2  
  165  10:40  Supply Depot, Missile Turret  
  167  10:47  Marine x6  
  167  10:48  Marine x2  
  174  10:50  Marine x2  
  174  10:56  Terran Infantry Weapons Level 3  
  174  11:01  Marine x4  
  152  11:07  SCV x3  
  149  11:14  Marine x4  
  149  11:16  Missile Turret  
  149  11:17  Marine x2  
  151  11:22  Siege Tank  
  151  11:31  Marine x4  
  155  11:36  Marine x4  
  159  11:43  Medivac x2  
  163  11:51  Marine x4  
  153  11:55  Marine x4  
  153  11:58  Marine x4  
  153  12:00  Marine x2  
  150  12:09  Marine x2  
  150  12:14  Siege Tank  
  150  12:15  Marine x4  
  158  12:16  Marine  
  113  12:32  Marine x6  
  113  12:35  Marine x4  
  113  12:36  Marine x5  
  117  12:49  Siege Tank  
  117  12:50  Marine x6, Liberator  
  129  12:53  Marine  
  129  12:57  Marine x6  
  136  13:00  Marine x2  
  138  13:08  Marine  
  138  13:11  Marine x4  
  138  13:12  Marine x2  
  137  13:15  Marine x4  
  138  13:22  Marine x2  
  138  13:23  Marine x2  
  138  13:25  Terran Infantry Armor Level 3  
  141  13:28  Siege Tank  
  141  13:30  Marine x2  
  141  13:31  Marine  
  147  13:40  Orbital Command  
  147  13:43  Marine x2  
  147  13:44  Marine x4  
  152  13:50  Marine x5  
  152  13:53  Marine  
  154  13:57  Marine x2  
  146  14:05  Marine x4  
  146  14:07  Marine  
  143  14:10  Marine x2  
  143  14:12  Marine  
  146  14:17  Siege Tank  
  146  14:18  Marine x2  
  144  14:31  Marine x10  
  129  14:34  Marine x3  
  129  14:36  Marine  
  143  14:48  Marine  
  143  14:49  Marine x7  
  143  14:51  Marine x2  
  143  14:52  Marine x4  
  144  14:54  Marine  
  143  15:06  Marine  
  143  15:07  Marine x4  
  142  15:11  Marine x4  
  142  15:13  Marine  
  151  15:28  SCV x3  
  142  15:33  Marine x6  
  143  15:47  Marine x2  
  143  15:48  Marine x3  
  134  15:56  Marine  
  128  16:03  Marine  
  129  16:04  Marine  
  129  16:17  Marine x2  
  129  16:24  Marine x3  
  131  16:34  Marine x3  
Tags
 
Add a new tag
Caveats
  • Supply blocks, unpowered buildings, or Contaminate may cause inaccurate times.
  • Supply counts are checked every 10 seconds.